 Dungeon Crawl Stone Soup version 0.23.2-1-ga50397a (webtiles) character file.

Game seed: 1299379660463384695

24 xveg the Vandal (level 3, -6/24 HPs)
             Began as a Halfling Hunter on May 9, 2019.
             Mangled by Sigmund
             ... wielding a +0 scythe
              (8 damage)
             ... on level 2 of the Dungeon.
             The game lasted 00:02:28 (786 turns).

xveg the Vandal (Halfling Hunter)                    Turns: 786, Time: 00:02:30

Health: -6/24      AC:  6    Str: 13    XL:     3   Next: 15%
Magic:  3/3        EV: 14    Int:  9    God:
Gold:   75         SH:  0    Dex: 15    Spells: 2/2 levels left

rFire    . . .     SeeInvis .   a - +1 hunting sling
rCold    . . .     Gourm    .   (shield restricted)
rNeg     . . .     Faith    .   c - +0 leather armour
rPois    .         Spirit   .   k - +1 helmet
rElec    .         Reflect  .   (no cloak)
rCorr    .         Harm     .   i - +0 pair of gloves
MR       .....                  (no boots)
Stlth    +.........             j - amulet of inaccuracy (curse)
HPRegen  0.08/turn              l - ring of wizardry
MPRegen  0.08/turn              (no ring)

@: confused, very slightly contaminated
A: small, mutation resistance 1
a: no special abilities


You were on level 2 of the Dungeon.
You were not hungry.

You visited 1 branch of the dungeon, and saw 2 of its levels.

You collected 75 gold pieces.

Inventory:

Hand Weapons
 a - a +1 hunting sling (weapon)
 b - a +0 short sword
Missiles
 d - a sling bullet (quivered)
 g - 63 stones
Armour
 c - a +0 leather armour (worn)
 i - a +0 pair of gloves (worn)
 k - a +1 helmet (worn)
Jewellery
 j - a cursed amulet of inaccuracy (around neck)
 l - a ring of wizardry (left hand)
 m - an uncursed amulet of rage {unknown}
Scrolls
 e - a scroll of identify
Comestibles
 f - 8 rations


   Skills:
 + Level 1.8 Fighting
 + Level 7.1 Slings
 + Level 2.2 Dodging
 + Level 1.1 Stealth


You had 2 spell levels left.
You didn't know any spells.
Your spell library was empty.

Dungeon Overview and Level Annotations

Branches:
Dungeon (2/15)

Altars:

Annotations:
D:2 Sigmund


Innate Abilities, Weirdness & Mutations

You are small and have problems with some larger weapons.
You are somewhat resistant to further mutation.


Message History

Firing (i - inventory. (/) - cycle)
d - 4 sling bullets (quivered)
Press: ? - help, Shift-Dir - straight line, f/p - Sigmund
Aim: Sigmund, wielding a +0 scythe and wearing a +0 robe (almost dead)
You shoot a sling bullet. Sigmund closely misses you.
Firing (i - inventory. (/) - cycle)
d - 3 sling bullets (quivered)
Press: ? - help, Shift-Dir - straight line, f - you
Okay, then.
You're too confused!
Unknown command.
You're too confused!
Firing (i - inventory. (/) - cycle)
d - 3 sling bullets (quivered)
Press: ? - help, Shift-Dir - straight line, f/p - Sigmund
Aim: Sigmund, wielding a +0 scythe and wearing a +0 robe (almost dead)
You shoot a sling bullet.
Firing (i - inventory. (/) - cycle)
d - 2 sling bullets (quivered)
Press: ? - help, Shift-Dir - straight line, f/p - Sigmund
Aim: Sigmund, wielding a +0 scythe and wearing a +0 robe (almost dead)
You shoot a sling bullet.
Sigmund hits you from afar with a +0 scythe!
You die...

##.## .. ... ######.###
#<.# ... #(##((....# #.##
.. ..#(....######### ##.##
.# ......(((.....(.#
#...##
##.######(######....[.
.....## #..
#..(((............ ......#
#.###@##########.###..
......# ###.#...# #.# #
......####......@# ..#..
......†.#..#..#..# ..#.#
#...###.†....###.# .....
#####..........#.# ##..#
#..........#÷##########..#
#........................#
#...#####...##########..##
#.### ###....##........#
#.. ##.............#


You could see Sigmund.

Vanquished Creatures
  A worm (D:2)
  A giant cockroach (D:1)
  A goblin (D:2)
  2 hobgoblins
  9 bats
  3 frilled lizards
  2 kobolds (D:1)
  4 rats
23 creatures vanquished.

Notes
Turn   | Place    | Note
-------+----------+-------------------------------------------
     0 | D:1      | xveg the Halfling Hunter began the quest for the Orb.
     0 | D:1      | Reached XP level 1. HP: 14/14 MP: 1/1
    66 | D:1      | Reached skill level 6 in Slings
   178 | D:1      | Reached XP level 2. HP: 19/19 MP: 2/2
   549 | D:2      | Reached XP level 3. HP: 24/24 MP: 3/3
   571 | D:2      | Reached skill level 7 in Slings
   735 | D:2      | Noticed Sigmund
   778 | D:2      | HP: 1/24 [Sigmund/+0 scythe (6)]
   786 | D:2      | Mangled by Sigmund

Skill      XL: |  1  2  3 |
---------------+----------+-----
Slings         | 6 7 |  7.1
Fighting       | |  1.8
Dodging        | |  2.2
Stealth        | |  1.1

Action                   || total
-------------------------++-------
 Fire: Hunting sling     ||    90
  Use: Scroll            ||     5
       Potion            ||     1
Armor: Leather armour    ||     9
Dodge: Dodged            ||    22
